 Dungeon Crawl Stone Soup version 0.21.1-1-g345015f (webtiles) character file.

1358 Gartch2 the Conjurer (level 8, 0/43 HPs)
             Began as a Deep Elf Fire Elementalist on Mar 3, 2018.
             Was an Initiate of Kikubaaqudgha.
             Shot with an arrow by a centaur (4 damage)
             ... on level 6 of the Dungeon on Mar 13, 2018.
             The game lasted 01:09:06 (10115 turns).

Gartch2 the Conjurer (Deep Elf Fire Elementalist)  Turns: 10115, Time: 01:09:06

Health: 0/43       AC:  3    Str:  5    XL:     8   Next: 37%
Magic:  13/16      EV: 14    Int: 23    God:    Kikubaaqudgha [......]
Gold:   341        SH:  0    Dex: 15    Spells: 2/15 levels left

rFire    . . .     SeeInvis .   n - +0 dagger (vamp)
rCold    . . .     Gourm    .   (no shield)
rNeg     . . .     Faith    .   a - +0 robe
rPois    .         Spirit   .   (no helmet)
rElec    .         Reflect  .   (no cloak)
rCorr    .         Harm     .   (no gloves)
MR       .....                  g - +0 pair of boots
Stlth    ++........             (no amulet)
HPRegen  0.14/turn              (no ring)
MPRegen  0.15/turn              (no ring)

@: very slightly contaminated
A: no striking features
a: Renounce Religion


You were on level 6 of the Dungeon.
You worshipped Kikubaaqudgha.
Kikubaaqudgha was noncommittal.
You were not hungry.

You visited 2 branches of the dungeon, and saw 7 of its levels.

You collected 341 gold pieces.

Inventory:

Hand Weapons
 f - a +0 short sword
 h - a +0 dagger
 n - a +0 vampiric dagger (weapon)
 t - a +1 dagger of venom
 w - a +3 dagger
Missiles
 d - 145 stones (quivered)
Armour
 a - a +0 robe (worn)
 g - a +0 pair of boots (worn)
 m - a +0 pair of boots
 u - a +0 shield
Wands
 z - a wand of flame (29)
Scrolls
 e - a scroll of remove curse {unknown}
 i - 2 scrolls of enchant armour {unknown}
 k - a scroll of magic mapping {unknown}
 l - 4 scrolls of amnesia {unknown}
 q - a scroll of blinking {unknown}
 r - 2 scrolls of enchant weapon {unknown}
 x - 2 scrolls of identify
 y - a scroll of fear {unknown}
Potions
 j - a potion of cancellation
 o - 4 potions of lignification
 p - 2 potions of brilliance
 s - a potion of curing
 v - a potion of haste
 C - 2 potions of heal wounds {unknown}
 D - a potion of ambrosia {unknown}
Books
 b - a book of Flames

   Spells                             Type                      Level
   a - Flame Tongue                   Conjuration/Fire             1
   b - Throw Flame                    Conjuration/Fire             2
   c - Conjure Flame                  Conjuration/Fire             3
   d - Inner Flame                    Hexes/Fire                   3
   e - Sticky Flame                   Conjuration/Fire             4
   f - Fireball                       Conjuration/Fire             5
 A - a book of Misfortune

   Spells                             Type                      Level
   a - Confusing Touch                Hexes                        1
   b - Confuse                        Hexes                        3
   c - Gell's Gravitas                Translocation                3
   d - Petrify                        Transmutation/Earth          4
   e - Metabolic Englaciation         Hexes/Ice                    5
   f - Yara's Violent Unravelling     Hexes/Transmutation          5
Comestibles
 c - 7 rations


   Skills:
 - Level 1.2 Fighting
 - Level 4.2 Dodging
 - Level 2.4 Stealth
 + Level 4.0 Spellcasting
 - Level 7.8 Conjurations
 - Level 7.5 Fire Magic


You had 2 spell levels left.
You knew the following spells:

 Your Spells              Type           Power        Failure   Level  Hunger
a - Flame Tongue          Conj/Fire      #####        1%          1    None
b - Conjure Flame         Conj/Fire      #####...     1%          3    ##.....
c - Sticky Flame          Conj/Fire      #####...     4%          4    ####...
d - Fireball              Conj/Fire      #####.....   12%         5    ######.


Dungeon Overview and Level Annotations

Branches:
Dungeon (6/15)             Temple (1/1) D:4

Altars:
Elyvilon
Gozag
Hepliaklqana
Kikubaaqudgha
Makhleb
Qazlal
Trog
Xom
Yredelemnul
The Shining One

Annotations:
D:4 Pikel


Message History

The centaur shoots an arrow.
The arrow barely misses you.
The centaur shoots an arrow.
The arrow hits you.
You see here an arrow.
You see here 2 arrows.
You see here a ring mail.
The centaur shoots an arrow.
The arrow completely misses you.
You see here an arrow.
You flicker for a moment.
The centaur shoots an arrow.
The arrow hits you!
You see here an arrow.
The centaur shoots an arrow.
The centaur shoots an arrow.
The arrow closely misses you.
You see here an arrow.
You flicker back into view.
The centaur shoots an arrow.
The arrow hits you!
* * * LOW HITPOINT WARNING * * *
You see here an arrow.
The centaur shoots an arrow.
The arrow hits you.
You die...
Kikubaaqudgha rasps: "You have failed me!
Welcome... death!"

### ..### ......
#..[#### ......
####...### ......
###(..#### #......
###.c((### .......
###..(.###.......
###............
###(.@>......
###........
#.#...... #.#......
#.# ..[.. #.###....
##..######
##.....####
##....#....#########


You could see a centaur.

Vanquished Creatures
  Edmund (D:5)
  A sky beast (D:5)
  4 slaves
  An ice beast (D:4)
  A centaur (D:5)
  3 ogres
  A scorpion (D:5)
  A howler monkey (D:5)
  A centaur zombie (D:6)
  A jelly (D:5)
  2 orc priests (D:4)
  A centaur skeleton (D:5)
  4 orc wizards
  3 worker ants
  A hound zombie (D:5)
  4 gnolls
  10 adders
  2 shadow imps (D:5)
  2 oozes
  4 worms
  2 dart slugs
  6 leopard geckos
  12 orcs
  3 giant cockroaches
  5 hobgoblins (D:1)
  11 jackals
  10 kobolds
  6 quokkas
  2 ball pythons
  8 bats
  3 frilled lizards
  9 goblins
  A jackal skeleton (D:4)
  A leopard gecko skeleton (D:4)
  A quokka skeleton (D:5)
  9 rats
137 creatures vanquished.

Vanquished Creatures (others)
  A wizard (D:4)
1 creature vanquished.

Grand Total: 138 creatures vanquished

Notes
Turn   | Place    | Note
-------+----------+-------------------------------------------
     0 | D:1      | Gartch2 the Deep Elf Fire Elementalist began the quest for the Orb.
     0 | D:1      | Reached XP level 1. HP: 10/10 MP: 6/6
   254 | D:1      | Reached XP level 2. HP: 15/15 MP: 4/8
  1198 | D:1      | Reached XP level 3. HP: 19/19 MP: 7/9
  1553 | D:1      | Learned a level 3 spell: Conjure Flame
  2102 | D:2      | Reached XP level 4. HP: 24/24 MP: 5/10
  2108 | D:2      | Learned a level 4 spell: Sticky Flame
  2396 | D:2      | Found a stormy altar of Qazlal.
  2906 | D:2      | Found a burning altar of Makhleb.
  3218 | D:3      | Found a basalt altar of Yredelemnul.
  3497 | D:3      | Reached XP level 5. HP: 28/28 MP: 8/11
  3656 | D:3      | Reached skill level 5 in Conjurations
  4210 | D:4      | Reached skill level 5 in Fire Magic
  4402 | D:4      | Noticed a phantom
  4869 | D:4      | Noticed an ogre
  5316 | D:4      | Noticed an ogre
  5532 | D:4      | Reached XP level 6. HP: 32/32 MP: 4/12
  5964 | D:4      | Found a bloodstained altar of Trog.
  5967 | D:4      | Noticed a wizard
  5973 | D:4      | Killed a wizard
  6056 | D:4      | Found a staircase to the Ecumenical Temple.
  6067 | Temple   | Entered the Ecumenical Temple
  6163 | Temple   | Became a worshipper of Kikubaaqudgha
  6873 | D:5      | Entered Level 5 of the Dungeon
  6931 | D:5      | Noticed a slave
  6931 | D:5      | Noticed an ice beast
  6932 | D:5      | Noticed a slave
  6942 | D:4      | Killed an ice beast
  6942 | D:4      | Reached XP level 7. HP: 24/36 MP: 6/13
  7107 | D:5      | Noticed Pikel
  8327 | D:5      | Reached skill level 1 in Fighting
  8795 | D:5      | Noticed Edmund
  8889 | D:5      | Reached XP level 8. HP: 43/43 MP: 4/14
  9087 | D:5      | Killed Edmund
  9653 | D:5      | Learned a level 5 spell: Fireball
 10115 | D:6      | Shot with an arrow by a centaur

Skill      XL: |  1  2  3  4  5  6  7  8 |
---------------+-------------------------+-----
Conjurations   | 2 3 4 5 6 7 |  7.8
Fire Magic     | 4 5 6 7 |  7.5
Dodging        | 4 |  4.2
Fighting       | 1 |  1.2
Spellcasting   | 4 |  4.0
Stealth        | |  2.4

Action                   |  1- 3 |  4- 6 |  7- 9 || total
-------------------------+-------+-------+-------++-------
Melee: Short sword       |    13 |       |       ||    13
       Dagger            |    35 |    11 |    14 ||    60
Throw: Stone             |    31 |     5 |       ||    36
 Cast: Flame Tongue      |    65 |   133 |    75 ||   273
       Conjure Flame     |     2 |    11 |    12 ||    25
       Sticky Flame      |       |    10 |    21 ||    31
  Use: Scroll            |       |     6 |       ||     6
       Potion            |       |       |     1 ||     1
 Stab: Sleeping          |     8 |     6 |     1 ||    15
       Distracted        |       |     1 |       ||     1
  Eat: Chunk             |     1 |    11 |     9 ||    21
       Ration            |     2 |     2 |     2 ||     6
Armor: Robe              |    17 |    12 |     2 ||    31
Dodge: Dodged            |    48 |    40 |    40 ||   128
